 Dungeon Crawl Stone Soup version 0.28.0-1-gb440e238dd (webtiles) character file.

Game seed: 12806315370972795177

158 hawla the Conjurer (level 5, -2/40 HPs)
             Began as a Draconian Conjurer on Feb 23, 2022.
             Slain by a phantom (8 damage)
             ... on level 4 of the Dungeon.
             The game lasted 00:07:05 (3935 turns).

hawla the Conjurer (Draconian Conjurer)             Turns: 3935, Time: 00:07:05

Health: -2/40      AC:  6    Str: 10    XL:     5   Next: 16%
Magic:  1/8        EV: 12    Int: 20    God:
Gold:   85         SH:  0    Dex:  9    Spells: 1/8 levels left

rFire   + . .      SeeInvis .   a - +0 rapier
rCold   + . .      Faith    .   (no shield)
rNeg    . . .      Spirit   .   (armour unavailable)
rPois   .          Reflect  .   (helmet restricted)
rElec   .          Harm     .   g - scarf {rC+ rF+}
rCorr   .          Rampage  .   k - +0 pair of gloves
Will    .....                   (no boots)
Stlth   ++........              (no amulet)
HPRegen 0.13/turn               (no ring)
MPRegen 0.11/turn               (no ring)

@: no status effects
A: AC +5, unfitting armour, cold-blooded
a: no special abilities


You were on level 4 of the Dungeon.
You visited 1 branch of the dungeon, and saw 4 of its levels.

You collected 85 gold pieces.

Inventory:

Hand Weapons
 a - a +0 rapier (weapon)
Armour
 g - a scarf of resistance (worn)
 k - a +0 pair of gloves (worn)
Wands
 i - a wand of polymorph (11)
Scrolls
 c - a scroll of fear
 e - a scroll of enchant armour
Potions
 f - a potion of cancellation


   Skills:
 + Level 1.1 Fighting
 + Level 2.6 Dodging
 + Level 2.5 Stealth
 + Level 2.4 Spellcasting
 + Level 5.3 Conjurations


You had one spell level left.
You knew the following spells:

 Your Spells              Type           Power      Damage    Failure   Level
a - Magic Dart            Conj           92%        1d7       1%          1
b - Searing Ray           Conj           46%        2d6       2%          2
c - Iskenderun's Mystic   Conj/Tloc      13%        2d5       45%         4

Your spell library contained the following spells:

 Spells                   Type           Power      Damage    Failure   Level
 Animate Skeleton         Necr           4%         N/A       16%         1
 Apportation              Tloc           4%         N/A       16%         1
 Slow                     Hex            8%         N/A       16%         1
 Summon Small Mammal      Summ           8%         N/A       16%         1
 Dazzling Flash           Conj/Hex       26%        N/A       16%         3
 Confusing Touch          Hex            2%         N/A       41%         3
 Vampiric Draining        Necr           2%         2d6       41%         3
 Fulminant Prism          Conj/Hex       6%         3d7       45%         4


Dungeon Overview and Level Annotations

Branches:
Dungeon (4/15)
 Temple: D:4-7

Altars:

Shops:
D:3 ([(


Innate Abilities, Weirdness & Mutations

Your plain brown scales are hard. (AC +5)
You cannot fit into any form of body armour.
You are cold-blooded and may be slowed by cold attacks.


Message History

The phantom is heavily damaged.
The phantom hits you but does no damage.
You hit the phantom but do no damage.
The phantom is heavily damaged.
The phantom hits you!
You barely miss the phantom.
The phantom is heavily damaged.
The phantom hits you but does no damage.
Casting: Searing Ray (safe; 2% risk of failure)
Confirm with . or Enter, or press ? or * to list all spells.
Aiming: Searing Ray (safe; 2% risk of failure)
Press: ? - help, Shift-Dir - straight line, f/p - phantom
Aim: a phantom (heavily damaged, 69% to hit)
The searing ray hits the phantom!
The phantom is severely damaged. (Press . to maintain the ray.)
The phantom hits you.
You hit the phantom.
The phantom is almost destroyed.
The phantom hits you.
* * * LOW HITPOINT WARNING * * *
The phantom blinks!
You blink.
The phantom hits you but does no damage.
Okay, then.
Okay, then.
You hit the phantom but do no damage.
Your tail-slap misses the phantom.
The phantom is almost destroyed.
The phantom hits you.
* * * LOW HITPOINT WARNING * * *
You closely miss the phantom.
The phantom is almost destroyed.
The phantom hits you.
* * * LOW HITPOINT WARNING * * *
You closely miss the phantom.
The phantom is almost destroyed.
The phantom hits you but does no damage.
You hit the phantom.
The phantom is almost destroyed.
The phantom hits you!
You die...

#.#.... #.#.#.#
###.#.#.##
#.<......# ##+##
#.#......# ##...##
#.###.##.#
##.....## #. #..#.#
##.......## #.
##....###.........#
#.
#.......'@W.......+
#.
##....###.......$.#
#......[.#
##†..)...##
####.#### ##.....##
#.# ##...## ..
##+## ... ..


You could see a phantom.

Vanquished Creatures
  2 orc priests (D:3)
  An iguana (D:4)
  2 adders
  An orc (D:3)
  5 bats
  8 endoplasms
  2 giant cockroaches (D:1)
  7 goblins
  4 hobgoblins
  4 jackals (D:1)
  A kobold (D:1)
  4 ball pythons
  3 frilled lizards (D:1)
  3 rats
47 creatures vanquished.

Notes
Turn   | Place    | Note
-------+----------+-------------------------------------------
     0 | D:1      | hawla the Draconian Conjurer began the quest for the Orb.
     0 | D:1      | Reached XP level 1. HP: 14/14 MP: 3/3
   646 | D:1      | Reached XP level 2. HP: 20/20 MP: 1/5
   649 | D:1      | Learned a level 2 spell: Searing Ray
   788 | D:1      | Found a faded altar of an unknown god.
  1470 | D:1      | Reached XP level 3. HP: 23/26 MP: 6/6
  2704 | D:3      | Found Bouhyoq's Antique Weapon Shoppe.
  2996 | D:3      | Identified the -5 helmet "Wicuqa" {Int+4}
  3049 | D:3      | Reached skill level 5 in Conjurations
  3049 | D:3      | Reached XP level 4. HP: 34/34 MP: 2/7
  3054 | D:3      | Learned a level 4 spell: Iskenderun's Mystic Blast
  3265 | D:3      | Found Nacoef's Antique Weapon Shop.
  3359 | D:3      | Reached skill level 1 in Fighting
  3570 | D:3      | Found Gusehudu's Armour Emporium.
  3886 | D:4      | Noticed a phantom
  3893 | D:4      | Reached XP level 5. HP: 40/40 MP: 0/8
  3935 | D:4      | Slain by a phantom

Illustrated notes

Levels and vault maps discovered:
D:1:      tarquinn_simple_flora_water_e, layout_loops_corners,
          dreamdust_ecumenical_altar_statues, corexii_hall_statues_i,
          ebering_dispersal_statue_hall
D:2:      layout_loops_ring, minmay_misc_feat_four_crosses,
          grunt_decor_one_mirror
D:3:      layout_basic, serial_shops, nicolae_shop_advertising_works
          [nicolae_subvault_shop_adworks], nicolae_square_shop,
          nicolae_shop_crystal
D:4:      layout_loops_corners, minmay_temple_entry_slanted,
          corexii_leaking_fountain

Skill      XL: |  1  2  3  4 |
---------------+-------------+-----
Dodging        | 2 |  2.6
Stealth        | 2 |  2.5
Conjurations   | 5 |  5.3
Fighting       | 1 |  1.1
Spellcasting   | |  2.4

Action                   |  1- 3 |  4- 6 || total
-------------------------+-------+-------++-------
Melee: Rapier            |    68 |    46 ||   114
       Punch             |     2 |       ||     2
       Tailslap          |     5 |     5 ||    10
 Cast: Magic Dart        |    21 |     2 ||    23
       Searing Ray       |    13 |     6 ||    19
       Iskenderun's Myst |       |     1 ||     1
  Use: Scroll            |     4 |     2 ||     6
       Potion            |       |     2 ||     2
 Stab: Sleeping          |     1 |       ||     1
Armor: Skin              |    22 |    14 ||    36
Dodge: Dodged            |    49 |    26 ||    75
